 Dungeon Crawl Stone Soup version 0.24.0-125-gc4c63601f3 (webtiles) character file.

Game seed: 7179437827079927675, levelgen mode: deterministic

92 Johnny the Chiller (level 4, -14/33 HPs)
             Began as a Draconian Ice Elementalist on Feb 17, 2020.
             Demolished by an ogre
             ... wielding a +0 giant club
              (18 damage)
             ... on level 4 of the Dungeon.
             The game lasted 00:02:55 (3531 turns).

Johnny the Chiller (Draconian Ice Elementalist)     Turns: 3531, Time: 00:02:56

Health: -14/33     AC:  5    Str: 12 (15) XL:     4   Next: 35%
Magic:  7/9        EV: 12    Int: 14 (16) God:
Gold:   199        SH:  0    Dex: 13 (14) Spells: 8/9 levels left

rFire    . . .     SeeInvis .   p - -3 spear (curse)
rCold    . . .     Gourm    .   (no shield)
rNeg     . . .     Faith    .   (armour unavailable)
rPois    .         Spirit   .   (helmet restricted)
rElec    .         Reflect  .   (no cloak)
rCorr    .         Harm     +   (no gloves)
MR       .....                  (no boots)
Stlth    ++........             j - amulet of harm
HPRegen  0.11/turn              a - +3 ring of strength
MPRegen  0.11/turn              (no ring)

@: hasted, very quick
A: unfitting armour, agile 1, strong 1, cold-blooded, AC +5
a: no special abilities


You were on level 4 of the Dungeon.
You were not hungry.

You visited 1 branch of the dungeon, and saw 4 of its levels.

You collected 199 gold pieces.

Inventory:

Hand Weapons
 p - a cursed -3 spear (weapon)
Jewellery
 a - a +3 ring of strength (left hand)
 j - an amulet of harm (around neck)
 o - an uncursed amulet of magic regeneration {unknown}
 r - an uncursed amulet of the acrobat {unknown}
Scrolls
 c - 2 scrolls of identify {unknown}
 d - 2 scrolls of remove curse {unknown}
 e - 2 scrolls of magic mapping {unknown}
 f - 3 scrolls of random uselessness {unknown}
 g - 2 scrolls of teleportation {unknown}
 h - 2 scrolls of immolation {unknown}
 i - a scroll of enchant weapon {unknown}
 n - a scroll of fear {unknown}
 s - a scroll of enchant armour {unknown}
 t - a scroll of fog {unknown}
Potions
 k - a potion of mutation
 l - a potion of lignification {unknown}
 m - a potion of invisibility {unknown}
 q - a potion of brilliance
Comestibles
 b - 10 rations


   Skills:
 - Level 1.7 Dodging
 - Level 1.7 Stealth
 + Level 3.3 Spellcasting
   Level 1.0 Conjurations
 + Level 4.2 Ice Magic


You had 8 spell levels left.
You knew the following spells:

 Your Spells              Type           Power        Failure   Level  Hunger
a - Freeze                Ice            ##..         3%          1    #......

Your spell library contained the following spells:

 Spells                   Type           Power        Failure   Level  Hunger
 Throw Frost              Conj/Ice       #.....       11%         2    ##.....
 Ozocubu's Armour         Chrm/Ice       #.......     26%         3    ###....
 Throw Icicle             Conj/Ice       #.......     56%         4    #####..
 Summon Ice Beast         Ice/Summ       #.......     65%         4    #####..


Dungeon Overview and Level Annotations

Branches:
Dungeon (4/15)             Temple (0/1) D:4

Altars:
Gozag
Sif Muna


Innate Abilities, Weirdness & Mutations

Your plain brown scales are hard. (AC +5)
You cannot fit into any form of body armour.
You are cold-blooded and may be slowed by cold attacks.
You are agile. (Dex +2)
Your muscles are strong. (Str +2)


Message History

Aim: an ogre, wielding a +0 giant club (moderately wounded)
You freeze the ogre.
The ogre is heavily wounded.
The ogre barely misses you.
Unknown command.
Casting: Freeze (safe; 3% risk of failure)
Confirm with . or Enter, or press ? or * to list all spells.
Aiming: Freeze (safe; 3% risk of failure)
Press: ? - help, Shift-Dir - straight line, f/p - ogre
Aim: an ogre, wielding a +0 giant club (heavily wounded)
You freeze the ogre.
The ogre is heavily wounded.
The ogre misses you.
Unknown command.
Unknown command.
Okay, then.
Okay, then.
You feel yourself speed up. The ogre hits you with a +0 giant club!
Ouch! That really hurt!
You die...

###################
#.................#
#...@..≈≈≈≈≈......##
#..O.≈≈≈≈≈≈≈≈≈.....#
#..≈≈≈≈≈≈≈≈≈≈≈≈≈...##
#.≈≈≈≈≈≈...≈≈≈≈≈≈....
#.≈≈≈≈≈≈.>.≈≈≈≈≈≈....
#..≈≈≈≈≈≈%..≈≈≈≈≈≈..<.
#..≈≈≈≈≈≈≈≈≈≈≈≈≈≈≈....
#...≈≈≈≈≈≈≈≈≈≈≈≈≈...##
#..!..≈≈≈≈≈≈≈≈≈.....#


You could see an ogre.

Vanquished Creatures
  3 adders
  A worm (D:3)
  2 dart slugs (D:1)
  3 leopard geckos
  3 giant cockroaches
  5 goblins
  8 hobgoblins
  2 jackals (D:1)
  A ball python (D:1)
  12 bats
  3 frilled lizards
  8 kobolds
  6 rats
57 creatures vanquished.

Notes
Turn   | Place    | Note
-------+----------+-------------------------------------------
     0 | D:1      | Johnny the Draconian Ice Elementalist began the quest for
                  | the Orb.
     0 | D:1      | Reached XP level 1. HP: 14/14 MP: 3/3
   445 | D:1      | Reached XP level 2. HP: 11/20 MP: 0/5
  1504 | D:1      | Reached XP level 3. HP: 22/26 MP: 4/7
  2057 | D:2      | Gained mutation: You are agile. (Dex +2) [potion of
                  | mutation]
  2057 | D:2      | Gained mutation: Your muscles are strong. (Str +2) [potion
                  | of mutation]
  2805 | D:3      | Reached skill level 4 in Ice Magic
  2886 | D:3      | Reached XP level 4. HP: 32/33 MP: 4/8
  2933 | D:3      | Found an opulent altar of Gozag.
  3142 | D:3      | Found a shimmering blue altar of Sif Muna.
  3504 | D:4      | Found a staircase to the Ecumenical Temple.
  3517 | D:4      | Noticed an ogre
  3531 | D:4      | Demolished by an ogre

Levels and vault maps discovered:
D:1:      psy_arrival_fountain, layout_loops_cross, minmay_misc_feat_doors
D:2:      layout_rooms, first_ration, minmay_misc_feat_secret_circle,
          palyth_stone_intersect, minmay_circle_x
D:3:      layout_loops_ring, lemuel_crystal_altar, minivault_26,
          grunt_gozag_statues
D:4:      layout_rooms, cheibrodos_ashenzari_chains, lemuel_round_altar,
          temple_pool_b, uniq_duvessa, uniq_ijyb

Skill      XL: |  1  2  3 |
---------------+----------+-----
Spellcasting   | 3 |  3.3
Ice Magic      | 4 |  4.2
Dodging        | |  1.7
Stealth        | |  1.7
Conjurations   | |  1.0

Action                   |  1- 3 |  4- 6 || total
-------------------------+-------+-------++-------
Melee: Unarmed           |   172 |       ||   172
       Tailslap          |    17 |     4 ||    21
       Spear             |    14 |    41 ||    55
 Cast: Freeze            |    31 |    14 ||    45
  Use: Potion            |     5 |     1 ||     6
 Stab: Sleeping          |     2 |     2 ||     4
  Eat: Chunk             |     6 |     3 ||     9
Armor: Skin              |    83 |    11 ||    94
Dodge: Dodged            |   196 |    28 ||   224
